Map: Kairos Junction LE

Players

Lambo - Winner!

  • Race: Zerg Zerg
  • League: Grandmaster
  • Spawn Location: 5:00

demuLarva

  • Race: Terran Terran
  • League: Grandmaster
  • Spawn Location: 11:00

VOD

Have the link to the VOD?

Description

Time

  • Played on: Dec. 14, 2018, 6:17 a.m.
  • Length: 10:52
Show
View Real Time Build Order
Export as new Build Order

Lambo Zerg - Winner!

Build Orders: Hatch First 

Get SALT Encoding   

  12  0:01  Drone  
  13  0:13  Overlord  
  13  0:17  Drone  
  14  0:31  Drone x2  
  16  0:48  Hatchery  
  15  0:51  Drone  
  15  0:54  Drone  
  17  0:57  Drone  
  18  1:08  Extractor  
  17  1:12  Spawning Pool  
  17  1:15  Drone  
  17  1:19  Drone  
  18  1:28  Drone  
  19  1:41  Drone  
  20  1:52  Overlord  
  20  2:00  Queen x2  
  24  2:02  Zergling x4  
  26  2:09  Metabolic Boost  
  26  2:12  Drone  
  26  2:13  Drone  
  28  2:23  Drone x2  
  30  2:36  Hatchery  
  29  2:40  Drone  
  29  2:43  Drone  
  31  2:47  Pneumatized Carapace  
  31  2:51  Overlord  
  31  2:54  Drone  
  31  2:58  Drone  
  33  3:02  Drone  
  34  3:06  Drone x2  
  34  3:11  Drone x2  
  38  3:14  Queen  
  38  3:18  Overlord  
  40  3:20  Drone  
  40  3:23  Drone  
  40  3:26  Drone  
  43  3:31  Drone  
  44  3:36  Queen  
  46  3:42  Drone x3  
  46  3:48  Drone x2, Overlord  
  51  3:53  Drone  
  51  3:55  Queen  
  54  3:59  Overlord  
  54  4:02  Queen, Drone  
  57  4:05  Zergling x2  
  57  4:09  Zergling x4  
  60  4:15  Queen  
  62  4:18  Drone x3  
  62  4:19  Overlord  
  62  4:23  Drone x2  
  67  4:29  Drone x3, Baneling Nest  
  67  4:30  Overlord  
  69  4:34  Queen  
  71  4:39  Queen  
  71  4:42  Zergling x4  
  75  4:49  Extractor, Drone x5  
  75  4:50  Extractor  
  78  4:54  Drone x2, Spore Crawler  
  78  4:55  Spore Crawler  
  78  4:58  Drone  
  78  4:59  Spore Crawler, Drone  
  79  5:02  Drone  
  79  5:03  Drone x2  
  82  5:07  Drone, Spore Crawler  
  82  5:12  Queen  
  84  5:15  Drone  
  84  5:16  Lair  
  85  5:22  Queen  
  85  5:24  Drone  
  85  5:26  Drone x2  
  85  5:27  Overlord x2  
  90  5:30  Spore Crawler  
  90  5:33  Overlord  
  89  5:37  Drone  
  89  5:41  Extractor  
  89  5:42  Evolution Chamber, Drone x2  
  90  5:43  Evolution Chamber  
  90  5:44  Overlord  
  90  5:45  Drone  
  90  5:48  Baneling, Queen  
  90  5:49  Baneling x3  
  92  5:50  Overlord  
  92  5:51  Drone  
  92  5:53  Drone x2  
  92  5:55  Extractor, Drone  
  95  5:57  Extractor, Drone  
  95  6:00  Drone x3  
  95  6:02  Baneling  
  98  6:05  Zergling x8  
  98  6:07  Drone  
  98  6:09  Zerg Missile Weapons Level 1  
  103  6:13  Zerg Melee Weapons Level 1  
  103  6:19  Overlord x2  
  103  6:23  Drone x2  
  103  6:24  Spire  
  104  6:25  Drone  
  104  6:26  Drone  
  106  6:43  Queen, Hatchery  
  106  6:44  Queen  
  109  6:52  Roach Warren, Overlord  
  109  6:54  Overlord x4  
  104  7:36  Glial Reconstitution  
  102  7:37  Overlord  
  102  7:40  Corruptor x13  
  127  7:46  Corruptor  
  127  7:51  Zerg Flyer Armor Level 1  
  127  7:54  Queen x2  
  127  7:57  Corruptor  
  133  7:59  Overlord  
  133  8:00  Overlord  
  131  8:06  Corruptor  
  131  8:11  Corruptor, Extractor  
  134  8:13  Queen x2, Drone  
  139  8:24  Corruptor x2  
  143  8:27  Overlord  
  143  8:28  Drone x4  
  143  8:30  Drone x3  
  150  8:36  Roach  
  150  8:37  Roach x3  
  150  8:41  Corruptor  
  158  8:43  Roach  
  158  8:45  Centrifical Hooks  
  162  8:54  Roach x2  
  162  8:55  Roach x3  
  172  9:01  Roach x4  
  178  9:07  Spine Crawler  
  177  9:12  Baneling x8  
  177  9:13  Roach x2  
  177  9:14  Zergling x6  
  177  9:16  Zergling x2  
  177  9:17  Zergling x4  
  187  9:18  Baneling  
  187  9:20  Baneling x3  
  187  9:24  Roach  
  187  9:25  Roach, Overlord  
  187  9:31  Baneling x5  
  182  9:49  Roach, Zergling x14  
  182  9:50  Roach x9  
  175  10:02  Roach x7, Zergling x6  
  179  10:09  Corruptor x2  
  173  10:23  Zergling x22  
Show
View Real Time Build Order
Export as new Build Order

demuLarva Terran 

Build Orders: Command Center First (CC) 

Get SALT Encoding   

  12  0:00  SCV  
  13  0:12  SCV  
  14  0:18  Supply Depot  
  14  0:25  SCV  
  15  0:39  SCV  
  16  0:51  SCV  
  17  0:59  Command Center  
  17  1:03  SCV  
  18  1:13  Barracks  
  18  1:16  SCV  
  19  1:21  Refinery  
  19  1:28  SCV  
  19  1:32  Refinery  
  20  1:41  SCV  
  21  1:53  SCV  
  22  2:01  Reaper  
  22  2:05  Orbital Command  
  23  2:11  Orbital Command  
  23  2:19  Factory  
  23  2:25  Supply Depot  
  23  2:31  SCV  
  23  2:36  Barracks Reactor  
  24  2:38  SCV  
  24  2:43  SCV  
  26  2:50  SCV  
  27  2:56  SCV  
  28  3:00  Refinery  
  28  3:02  SCV  
  29  3:06  Starport  
  29  3:08  SCV  
  30  3:12  Supply Depot  
  30  3:15  SCV  
  31  3:20  Hellion, SCV  
  31  3:21  Hellion  
  31  3:27  SCV  
  37  3:32  Refinery, SCV  
  38  3:39  SCV  
  39  3:44  SCV  
  39  3:45  Fusion Core  
  39  3:46  Starport Tech Lab  
  40  3:48  Starport  
  40  3:51  SCV  
  40  3:52  Weapon Refit  
  41  3:56  SCV  
  41  3:58  Supply Depot  
  41  4:02  Hellion x2  
  46  4:03  SCV  
  46  4:08  SCV  
  48  4:11  Starport Tech Lab  
  48  4:15  SCV  
  49  4:20  SCV  
  50  4:27  SCV  
  51  4:32  SCV  
  51  4:33  Battlecruiser  
  58  4:43  Supply Depot  
  58  4:44  SCV x2  
  60  4:56  Supply Depot, SCV  
  60  4:57  SCV  
  62  5:04  Battlecruiser  
  68  5:08  SCV  
  68  5:09  SCV  
  70  5:16  Command Center  
  70  5:20  Supply Depot, SCV  
  70  5:21  SCV  
  72  5:26  Hellion x2  
  76  5:32  SCV  
  76  5:33  SCV  
  78  5:38  Supply Depot  
  78  5:41  Armory, Battlecruiser  
  84  5:49  Hellion  
  86  5:59  Supply Depot, SCV x2  
  86  6:03  Supply Depot  
  88  6:09  Battlecruiser  
  94  6:21  Supply Depot, SCV x2  
  94  6:23  Factory  
  94  6:25  Factory  
  96  6:29  Orbital Command  
  96  6:33  SCV x2  
  96  6:34  Terran Vehicle And Ship Armor Level 1  
  96  6:35  Command Center  
  98  6:45  Hellion x2, SCV x2  
  104  6:57  SCV x2  
  104  7:00  Refinery x2  
  106  7:02  SCV  
  106  7:08  Battlecruiser  
  113  7:09  Factory Tech Lab  
  113  7:10  Factory Tech Lab  
  113  7:14  Orbital Command  
  113  7:17  SCV x2  
  115  7:23  Orbital Command  
  115  7:27  Battlecruiser  
  117  7:37  Mag-Field Accelerator  
  117  7:41  Hellion x2, Cyclone  
  120  7:48  SCV  
  120  7:49  SCV  
  120  7:50  SCV  
  123  7:54  Supply Depot  
  123  7:55  Engineering Bay  
  123  8:09  Cyclone  
  123  8:10  Hellion x2  
  123  8:11  Infernal Pre-Igniter  
  130  8:14  SCV  
  130  8:15  Supply Depot, SCV  
  132  8:27  Missile Turret, SCV  
  127  8:30  Missile Turret  
  127  8:32  Missile Turret, Cyclone  
  130  8:34  Missile Turret, SCV x2  
  130  8:36  Missile Turret  
  130  8:40  Missile Turret  
  132  8:41  Missile Turret  
  132  8:42  Orbital Command  
  132  8:44  Cyclone  
  132  8:46  Missile Turret  
  135  8:49  Missile Turret  
  135  8:58  SCV  
  135  8:59  SCV  
  135  9:02  Planetary Fortress  
  137  9:04  Missile Turret  
  137  9:08  SCV  
  138  9:11  Missile Turret  
  138  9:12  SCV  
  138  9:15  SCV  
  140  9:20  Missile Turret  
  140  9:21  Missile Turret x2  
  140  9:24  SCV  
  140  9:29  SCV x2  
  129  9:50  Cyclone x2  
  129  9:51  Hellion x2  
  113  10:31  SCV  
  114  10:38  Refinery  
  114  10:39  Refinery  
Tags
 
Add a new tag
Caveats
  • Supply blocks, unpowered buildings, or Contaminate may cause inaccurate times.
  • Supply counts are checked every 10 seconds.